[Event "ICC tourney 1904 (10 3)"]
[Site "Internet Chess Club"]
[Date "2020.07.05"]
[Round "2"]
[White "kaleblancman"]
[Black "capetarget"]
[Result "1-0"]
[ICCResult "Black checkmated"]
[WhiteElo "1698"]
[BlackElo "1504"]
[Opening "Two knights defense"]
[ECO "C58"]
[NIC "KP.01"]
[Time "12:40:58"]
[TimeControl "600+3"]

1. e4 e5 2. Nf3 Nc6 3. Bc4 Nf6 4. Ng5 d5 5. exd5 Na5 6. Bb5+ c6 7. dxc6 bxc6
8. Bd3 h6 9. Ne4 Nd5 10. O-O Be7 11. Re1 O-O 12. Ng3 Qc7 13. Bf5 Bxf5 14.
Nxf5 Bc5 15. c3 Nf4 16. b4 Bxf2+ 17. Kxf2 Nd3+ 18. Kg1 Nxe1 19. Qxe1 Nc4 20.
Qd1 Rad8 21. Qg4 h5 22. Qxg7# {Black checkmated} 1-0

[Event "ICC tourney 1904 (10 3)"]
[Site "Internet Chess Club"]
[Date "2020.07.05"]
[Round "2"]
[White "imranchamp"]
[Black "Mueffling"]
[Result "1-0"]
[ICCResult "Black resigns"]
[WhiteElo "1379"]
[BlackElo "1254"]
[Opening "Giuoco Pianissimo"]
[ECO "C50"]
[NIC "IG.02"]
[Time "12:41:46"]
[TimeControl "600+3"]

1. e4 e5 2. Nf3 Nc6 3. Bc4 Bc5 4. d3 a6 5. c3 b5 6. Bb3 Nf6 7. O-O O-O 8.
Nbd2 d6 9. h3 Be6 10. Bc2 d5 11. Re1 dxe4 12. Nxe4 Nxe4 13. dxe4 f5 14. Bg5
Be7 15. Qxd8 Raxd8 16. Bxe7 Nxe7 17. exf5 Bxf5 18. Bxf5 Nxf5 19. Rxe5 Rde8
20. Rae1 Rxe5 21. Rxe5 Nd6 22. Re7 c6 23. Ra7 Nc4 24. b3 {Black resigns} 1-0

[Event "ICC tourney 1904 (10 3)"]
[Site "Internet Chess Club"]
[Date "2020.07.05"]
[Round "2"]
[White "persianking"]
[Black "oxdidi"]
[Result "1-0"]
[ICCResult "Black resigns"]
[WhiteElo "1548"]
[BlackElo "1123"]
[Opening "King's Indian: 6.Be2"]
[ECO "E91"]
[NIC "KI.19"]
[Time "12:41:49"]
[TimeControl "600+3"]

1. c4 Nf6 2. Nc3 g6 3. d4 Bg7 4. e4 d6 5. Nf3 O-O 6. Be2 Nbd7 7. O-O b6 8.
Bg5 h6 9. Be3 Bb7 10. Nd2 Re8 11. f3 c5 12. d5 e5 13. dxe6 Rxe6 14. a4 Re8
15. Nb3 Qe7 16. Nb5 Red8 17. Qxd6 Qe8 18. Nc7 Qe7 19. Qxe7 {Black resigns}
1-0

[Event "ICC tourney 1904 (10 3)"]
[Site "Internet Chess Club"]
[Date "2020.07.05"]
[Round "2"]
[White "wolfemonster"]
[Black "MGrei"]
[Result "1-0"]
[ICCResult "Black resigns"]
[WhiteElo "1373"]
[BlackElo "1224"]
[Opening "Budapest: Rubinstein variation"]
[ECO "A52"]
[NIC "QG.01"]
[Time "12:41:08"]
[TimeControl "600+3"]

1. d4 Nf6 2. c4 e5 3. dxe5 Ng4 4. Bf4 Nc6 5. Nf3 Bb4+ 6. Nbd2 Qe7 7. a3
Bxd2+ 8. Qxd2 Ngxe5 9. Nxe5 Nxe5 10. e3 d6 11. Be2 O-O 12. O-O Ng6 13. Bg3
Re8 14. Qd4 Be6 15. Bf3 Rab8 16. Rac1 Red8 17. Qxa7 Qf6 18. Qd4 Ne5 19. Be2
c5 20. Qf4 Qxf4 21. Bxf4 Rd7 22. Rfd1 Rbd8 23. b4 cxb4 24. axb4 b6 25. c5
bxc5 26. bxc5 dxc5 27. Bxe5 Rxd1+ 28. Rxd1 Rc8 29. h3 {Black resigns} 1-0

[Event "ICC tourney 1904 (10 3)"]
[Site "Internet Chess Club"]
[Date "2020.07.05"]
[Round "2"]
[White "mrneale"]
[Black "DrKnight01"]
[Result "1-0"]
[ICCResult "Black resigns"]
[WhiteElo "1305"]
[BlackElo "1294"]
[Opening "Queen's pawn game, Chigorin variation"]
[ECO "D02"]
[NIC "QP.08"]
[Time "12:41:09"]
[TimeControl "600+3"]

1. d4 d5 2. Nf3 Nc6 3. Bf4 Nf6 4. e3 a6 5. c3 Bf5 6. Bd3 Bxd3 7. Qxd3 e6 8.
Nbd2 Bd6 9. Ne5 Bxe5 10. Bxe5 Nxe5 11. dxe5 Ne4 12. Nxe4 dxe4 13. Qxe4 O-O
14. Qxb7 Rb8 15. Qxa6 Rxb2 16. O-O Rb6 17. Qa5 Qg5 18. Qc5 Rb7 19. Rfb1
Rxb1+ 20. Rxb1 Qf5 21. Rf1 Rb8 22. Qxc7 Ra8 23. Rd1 h6 24. f4 Rxa2 25. Qd8+
Kh7 26. Qd3 Qxd3 27. Rxd3 Ra1+ 28. Kf2 Ra2+ 29. Kf3 Rc2 30. h3 Kg6 31. e4
Kh5 32. g3 Rh2 33. h4 Rh3 34. c4 g5 35. hxg5 hxg5 36. f5 exf5 37. exf5 g4+
38. Kg2 {Black resigns} 1-0

[Event "ICC tourney 1904 (10 3)"]
[Site "Internet Chess Club"]
[Date "2020.07.05"]
[Round "2"]
[White "hanslaw"]
[Black "Knightboy123"]
[Result "0-1"]
[ICCResult "White checkmated"]
[WhiteElo "1181"]
[BlackElo "1294"]
[Opening "Sicilian: Najdorf"]
[ECO "B90"]
[NIC "SI.14"]
[Time "12:41:13"]
[TimeControl "600+3"]

1. e4 c5 2. Nf3 d6 3. d4 cxd4 4. Nxd4 Nf6 5. Nc3 a6 6. Bd3 e5 7. Nb3 Be6 8.
O-O Nbd7 9. f4 Rc8 10. fxe5 dxe5 11. Kh1 Ng4 12. Be2 Ngf6 13. Be3 b5 14. Nd2
Bb4 15. Ncb1 Qc7 16. c3 Bc5 17. Bxc5 Nxc5 18. Bf3 Nd3 19. Qc2 Bc4 20. Rd1
Qa7 21. Nb3 Nf2+ 22. Kg1 Nxd1+ 23. Kh1 Nf2+ 24. Kg1 Nh3+ 25. Kh1 Qg1#
{White checkmated}
0-1

[Event "ICC tourney 1904 (10 3)"]
[Site "Internet Chess Club"]
[Date "2020.07.05"]
[Round "2"]
[White "wildrumpus"]
[Black "ChessMonkey123"]
[Result "1-0"]
[ICCResult "Black resigns"]
[WhiteElo "1325"]
[BlackElo "1384"]
[Opening "Queen's pawn game"]
[ECO "A45"]
[NIC "QP.07"]
[Time "12:41:17"]
[TimeControl "600+3"]

1. d4 Nf6 2. e3 e6 3. Bd3 d5 4. Nd2 c5 5. c3 Nc6 6. f4 a5 7. Ngf3 c4 8. Bc2
b5 9. a3 b4 10. axb4 Bb7 11. b5 Ne7 12. Ne5 Ng6 13. Ndf3 Bd6 14. O-O Bxe5
15. fxe5 Nd7 16. Qe1 Qb6 17. Qg3 Qxb5 18. Ba4 Qb6 19. Bxd7+ Kxd7 20. Ng5
Rhf8 21. Rxf7+ Rxf7 22. Nxf7 Qb3 23. Qe1 Rf8 24. Nd6 Bc6 25. Rxa5 Nh4 26.
Ra7+ Kd8 27. Qxh4+ Rf6 28. exf6 Qd1+ 29. Kf2 Qc2+ 30. Kf3 Qd1+ 31. Kg3 Qe1+
32. Kh3 Qxh4+ 33. Kxh4 gxf6 34. Rxh7 e5 35. dxe5 fxe5 36. Nf7+ Ke7 37. Nxe5+
Kd6 38. Nxc6 Kxc6 39. g4 {Black resigns} 1-0

[Event "ICC tourney 1904 (10 3)"]
[Site "Internet Chess Club"]
[Date "2020.07.05"]
[Round "2"]
[White "IndianTerritory"]
[Black "BobbyFissure"]
[Result "1-0"]
[ICCResult "Black resigns"]
[WhiteElo "1652"]
[BlackElo "1448"]
[Opening "Sicilian: dragon, Yugoslav attack, 9...Bd7"]
[ECO "B77"]
[NIC "SI.18"]
[Time "12:40:59"]
[TimeControl "600+3"]

1. e4 c5 2. Nf3 d6 3. d4 cxd4 4. Nxd4 Nf6 5. Nc3 g6 6. Be3 Bg7 7. f3 O-O 8.
Qd2 Nc6 9. Bc4 Bd7 10. h4 Rc8 11. Bb3 h5 12. O-O-O Ne5 13. Bg5 Rc5 14. Bh6
Rxc3 15. bxc3 Qa5 16. Bxg7 Kxg7 17. Kb1 Rc8 18. Kb2 Qb6 19. Qc1 Nc4+ 20. Ka1
Na5 21. Rd3 e5 22. Nf5+ Bxf5 23. exf5 Nd7 24. fxg6 Nxb3+ 25. cxb3 Nc5 26.
Rd2 fxg6 27. Rhd1 Rd8 28. Rd5 Qa6 29. Rxc5 {Black resigns} 1-0

[Event "ICC tourney 1904 (10 3)"]
[Site "Internet Chess Club"]
[Date "2020.07.05"]
[Round "2"]
[White "Nacaroa-Dan"]
[Black "mathewjiang"]
[Result "1/2-1/2"]
[ICCResult "Game drawn by repetition"]
[WhiteElo "1484"]
[BlackElo "1202"]
[Opening "Scandinavian (center counter) defense"]
[ECO "B01"]
[NIC "VO.17"]
[Time "12:41:05"]
[TimeControl "600+3"]

1. e4 d5 2. e5 Bf5 3. f4 e6 4. Nf3 c5 5. c3 Nc6 6. Na3 a6 7. Nc2 Bg6 8. Be2
c4 9. d3 cxd3 10. Bxd3 Bxd3 11. Qxd3 Bc5 12. Ncd4 Nge7 13. Be3 Qb6 14. b4
Bxd4 15. Nxd4 Qc7 16. O-O Nxd4 17. Bxd4 Nc6 18. Rac1 O-O 19. a4 Nxd4 20.
cxd4 Qb6 21. Qd2 Rac8 22. a5 Qb5 23. Rc5 Rxc5 24. bxc5 Rc8 25. f5 Qc4 26.
fxe6 fxe6 27. Qf2 h6 28. Kh1 Rc7 29. h3 Qb5 30. Ra1 Rf7 31. Qd2 Rf1+ 32.
Rxf1 Qxf1+ 33. Kh2 Qb5 34. Kg3 Kh7 35. h4 g6 36. Kh3 Qb3+ 37. g3 h5 38. Qg5
Qb5 39. Qe7+ Kh6 40. Qxe6 Qf1+ 41. Kh2 Qf2+ 42. Kh3 Qf1+ 43. Kh2 Qf2+ 44.
Kh3 Qf1+ 45. Kh2 Qf2+ 46. Kh3 Qf1+ {Game drawn by repetition} 1/2-1/2

[Event "ICC tourney 1904 (10 3)"]
[Site "Internet Chess Club"]
[Date "2020.07.05"]
[Round "2"]
[White "krishghosh"]
[Black "PhaseShift"]
[Result "1-0"]
[ICCResult "Black resigns"]
[WhiteElo "1197"]
[BlackElo "1516"]
[Opening "Queen's pawn game"]
[ECO "A46"]
[NIC "QP.05"]
[Time "12:41:08"]
[TimeControl "600+3"]

1. d4 Nf6 2. Nf3 e6 3. Bf4 c5 4. c3 b6 5. e3 Bb7 6. Nbd2 Be7 7. Bd3 cxd4 8.
cxd4 O-O 9. Rc1 Nc6 10. h3 Rc8 11. a3 d6 12. O-O a6 13. Qe2 b5 14. Bb1 Re8
15. Rfe1 Na5 16. Bh2 Bf8 17. b4 Nc4 18. Nxc4 bxc4 19. Rxc4 Bd5 20. Rxc8 Qxc8
21. e4 Bc4 22. Qc2 Bb5 23. e5 Qxc2 24. Bxc2 dxe5 25. dxe5 Nd5 26. Rc1 g6 27.
Bb3 Bh6 28. Rc5 Bf8 29. Rc1 Bh6 30. Rd1 Nc3 31. Rd6 Bf8 32. Rb6 Rd8 33. Bg3
Ne2+ 34. Kh2 Nc3 35. Bh4 Rc8 36. Ng5 h6 37. Nxe6 fxe6 38. Bxe6+ {Black
resigns} 1-0

[Event "ICC tourney 1904 (10 3)"]
[Site "Internet Chess Club"]
[Date "2020.07.05"]
[Round "2"]
[White "Harbingerman"]
[Black "Ghostrook"]
[Result "0-1"]
[ICCResult "White resigns"]
[WhiteElo "930"]
[BlackElo "1331"]
[Opening "Queen's pawn, Mason variation"]
[ECO "D00"]
[NIC "QP.08"]
[Time "12:41:04"]
[TimeControl "600+3"]

1. d4 d5 2. Bf4 c6 3. e3 Nf6 4. h3 g6 5. Be2 Bg7 6. Nf3 O-O 7. h4 Bg4 8. Ne5
Bxe2 9. Qxe2 Nbd7 10. g4 Nxe5 11. Bxe5 Qd7 12. g5 Nh5 13. Bxg7 Nxg7 14. Nd2
a5 15. Nf1 a4 16. a3 b5 17. c3 Qd6 18. Ng3 e5 19. h5 exd4 20. cxd4 c5 21.
Qxb5 cxd4 22. exd4 Qe7+ 23. Kf1 Qxg5 24. Ne4 Qf5 25. Nc3 Nxh5 26. Qxd5 Ng3+
27. Kg2 Qxd5+ 28. Nxd5 Nxh1 29. Rxh1 Rad8 30. Nb6 Rxd4 31. Rb1 Rb8 32. Nxa4
Rxa4 33. b4 Rxa3 34. b5 Ra5 35. b6 Ra6 {White resigns} 0-1

[Event "ICC tourney 1904 (10 3)"]
[Site "Internet Chess Club"]
[Date "2020.07.05"]
[Round "2"]
[White "saisneha"]
[Black "hursha6b5"]
[Result "0-1"]
[ICCResult "White forfeits on time"]
[WhiteElo "1391"]
[BlackElo "1700"]
[Opening "QGD: exchange variation"]
[ECO "D35"]
[NIC "TD.08"]
[Time "12:41:49"]
[TimeControl "600+3"]

1. d4 d5 2. c4 e6 3. Nc3 Nf6 4. cxd5 Nxd5 5. e4 Nxc3 6. bxc3 c5 7. Nf3 cxd4
8. cxd4 Bb4+ 9. Bd2 Bxd2+ 10. Qxd2 O-O 11. Be2 Nc6 12. O-O b6 13. Rfd1 Bb7
14. Rac1 Qd7 15. Bb5 a6 16. Ba4 b5 17. Bb3 h6 18. Rc5 Rac8 19. d5 exd5 20.
Rxd5 Qg4 21. Rd7 Ba8 22. Qe3 Na5 23. Ne5 Qxe4 24. Qxe4 Bxe4 25. Bxf7+ Kh7
26. f3 Bf5 27. Ra7 Rc5 28. f4 Nc4 29. Nxc4 bxc4 30. Rc1 c3 31. Bb3 Rd8 32.
Re7 c2 33. Re2 Rd1+ 34. Rxd1 cxd1=Q+ 35. Bxd1 Rc1 36. Re1 Bg4 37. Kf2 Rxd1
38. Rxd1 Bxd1 39. Ke3 Kg6 40. h3 h5 41. Ke4 Kf6 42. a3 g6 43. Ke3 Kf5
{White forfeits on time}
0-1

[Event "ICC tourney 1904 (10 3)"]
[Site "Internet Chess Club"]
[Date "2020.07.05"]
[Round "2"]
[White "gardemarin13"]
[Black "JensenUVA"]
[Result "1-0"]
[ICCResult "Black checkmated"]
[WhiteElo "1741"]
[BlackElo "1452"]
[Opening "Sicilian: Grand Prix attack"]
[ECO "B23"]
[NIC "SI.44"]
[Time "12:41:49"]
[TimeControl "600+3"]

1. e4 c5 2. Nc3 Nc6 3. f4 g6 4. Nf3 Bg7 5. Bb5 e6 6. Bxc6 bxc6 7. d3 d5 8.
e5 Ne7 9. O-O O-O 10. Na4 Qa5 11. c4 Ba6 12. b3 Rad8 13. Qe1 Qxe1 14. Rxe1
f6 15. Ba3 fxe5 16. fxe5 Nf5 17. Nxc5 Bc8 18. g4 Nh6 19. Ng5 Nxg4 20. Ncxe6
Bxe6 21. Nxe6 Nxe5 22. Bxf8 Rxf8 23. Nxf8 Nxd3 24. Ne6 Bc3 25. Rf1 Bxa1 26.
Rf8# {Black checkmated} 1-0

[Event "ICC tourney 1904 (10 3)"]
[Site "Internet Chess Club"]
[Date "2020.07.05"]
[Round "2"]
[White "spaceegg"]
[Black "TheOrcaPro"]
[Result "0-1"]
[ICCResult "White checkmated"]
[WhiteElo "1266"]
[BlackElo "1477"]
[Opening "French: advance, Euwe variation"]
[ECO "C02"]
[NIC "FR.03"]
[Time "12:41:14"]
[TimeControl "600+3"]

1. e4 e6 2. d4 d5 3. e5 c5 4. Nf3 Nc6 5. c3 Bd7 6. Bb5 Nxe5 7. Bxd7+ Nxd7 8.
Qa4 Nf6 9. Bg5 h6 10. Bxf6 Qxf6 11. Ne5 Qe7 12. dxc5 Kd8 13. Qa5+ Kc8 14.
Nd3 Nxc5 15. Nxc5 Qxc5 16. Qxc5+ Bxc5 17. b4 Bd6 18. Nd2 Kd7 19. a3 Rac8 20.
Rc1 b5 21. Nf3 Rc7 22. O-O Rhc8 23. Nd4 Rxc3 24. Ra1 a6 25. a4 bxa4 26. Ne2
R3c4 27. Rxa4 R8c6 28. Raa1 Bxb4 29. g3 a5 30. Kg2 Rc2 31. Nd4 Bc3 32. Nxc2
Bxa1 33. Nxa1 a4 34. h3 Kd6 35. f3 e5 36. f4 e4 37. f5 Ke5 38. g4 d4 39. Kg3
d3 40. Rd1 Kd4 41. Kf2 e3+ 42. Kf3 d2 43. Ke2 Rc1 44. Nc2+ Rxc2 45. h4 Rc1
46. h5 Rxd1 47. Kxd1 Kd3 48. f6 e2# {White checkmated} 0-1

[Event "ICC tourney 1904 (10 3)"]
[Site "Internet Chess Club"]
[Date "2020.07.05"]
[Round "2"]
[White "Chessplayer44"]
[Black "harrislencz"]
[Result "1-0"]
[ICCResult "Black checkmated"]
[WhiteElo "1564"]
[BlackElo "1401"]
[Opening "Queen's pawn game"]
[ECO "A45"]
[NIC "QP.07"]
[Time "12:41:11"]
[TimeControl "600+3"]

1. d4 Nf6 2. e3 e6 3. Bd3 c5 4. c3 cxd4 5. exd4 Be7 6. Nf3 b6 7. Bf4 Bb7 8.
Nbd2 d6 9. O-O Nbd7 10. Re1 O-O 11. Nf1 Re8 12. Qd2 Bf8 13. Rad1 h6 14. h3
e5 15. dxe5 dxe5 16. Nxe5 Nxe5 17. Rxe5 Rxe5 18. Bxe5 Qd5 19. f4 Qxa2 20.
Bxf6 gxf6 21. Qe2 a5 22. Qg4+ Bg7 23. Ng3 Kf8 24. Nf5 Bh8 25. Nxh6 Bg7 26.
Nf5 Bh8 27. Qh5 Kg8 28. Ne7+ Kf8 29. Re1 Bg7 30. Qh7 Qxb2 31. Qg8#
{Black checkmated}
1-0

[Event "ICC tourney 1904 (10 3)"]
[Site "Internet Chess Club"]
[Date "2020.07.05"]
[Round "2"]
[White "SamLightning"]
[Black "MagnumPI"]
[Result "1-0"]
[ICCResult "Black resigns"]
[WhiteElo "1364"]
[BlackElo "1156"]
[Opening "QGD: semi-Slav"]
[ECO "D31"]
[NIC "SL.06"]
[Time "12:41:26"]
[TimeControl "600+3"]

1. d4 d5 2. c4 e6 3. Nc3 c6 4. Nf3 Be7 5. Bf4 Nf6 6. e3 a6 7. cxd5 cxd5 8.
Bd3 Nc6 9. a3 Bd6 10. Bg5 h6 11. Bh4 Be7 12. h3 Bd7 13. O-O Nh7 14. Bg3 Nf6
15. Qc2 b5 16. Ne5 Bd6 17. Nxf7 Kxf7 18. Bxd6 Bc8 19. Bg6+ Kg8 20. Bc5 Nd7
21. b4 Nf6 22. Qe2 Bd7 23. Qf3 Be8 24. Bd3 Qd7 25. e4 Qf7 26. e5 Nd7 27.
Qxf7+ Bxf7 28. f4 Nxc5 29. dxc5 Rf8 30. Rae1 h5 31. f5 Rh6 32. f6 gxf6 33.
exf6 Bg6 34. Bxg6 Rxg6 35. Rxe6 Nd4 36. f7+ Kg7 37. Rxg6+ Kxg6 38. Nxd5 Rxf7
39. Rxf7 Kxf7 40. Nc7 Nc2 41. Nxa6 Nxa3 42. Kf2 Ke6 43. Ke3 Ke5 44. g4 Nc2+
45. Kd3 Ne1+ 46. Ke2 hxg4 47. Kxe1 gxh3 48. Kf2 Kf4 49. c6 Kg4 50. c7 h2 51.
c8=Q+ Kh4 52. Qh8+ Kg4 53. Qxh2 Kf5 54. Kf3 {Black resigns} 1-0

[Event "ICC tourney 1904 (10 3)"]
[Site "Internet Chess Club"]
[Date "2020.07.05"]
[Round "2"]
[White "Mitochondria"]
[Black "Aidenrchess"]
[Result "1/2-1/2"]
[ICCResult "Game drawn by repetition"]
[WhiteElo "1202"]
[BlackElo "1450"]
[Opening "Nimzo-Indian: classical, Noa variation, 5.a3"]
[ECO "E36"]
[NIC "NI.23"]
[Time "12:41:01"]
[TimeControl "600+3"]

1. d4 Nf6 2. c4 e6 3. Nc3 Bb4 4. Qc2 d5 5. a3 Bxc3+ 6. Qxc3 b6 7. Bg5 Bb7 8.
c5 h6 9. Bh4 Nc6 10. Nf3 g5 11. Bg3 Ne4 12. Qc2 Qe7 13. cxb6 cxb6 14. e3 Rc8
15. Qa4 O-O 16. Bd3 Na5 17. Bxe4 dxe4 18. Ne5 Rfd8 19. O-O Bc6 20. Nxc6 Nxc6
21. Rac1 Qb7 22. Rc3 Ne7 23. Rfc1 Nd5 24. Rxc8 Rxc8 25. Qd1 Kg7 26. h3 Rc6
27. Rxc6 Qxc6 28. Qh5 Qc1+ 29. Kh2 Qxb2 30. Be5+ f6 31. Bd6 Qxf2 32. Qe8
Nxe3 33. Bf8+ Kg8 34. Bd6+ Kg7 35. Bf8+ Kg8 36. Bd6+ Kg7 37. Bf8+ Kg8
{Game drawn by repetition}
1/2-1/2

[Event "ICC tourney 1904 (10 3)"]
[Site "Internet Chess Club"]
[Date "2020.07.05"]
[Round "2"]
[White "DankMemer"]
[Black "Xqpnc28"]
[Result "1-0"]
[ICCResult "Black resigns"]
[WhiteElo "1341"]
[BlackElo "1239"]
[Opening "Queen's bishop game"]
[ECO "A45"]
[NIC "QP.07"]
[Time "12:41:49"]
[TimeControl "600+3"]

1. d4 Nf6 2. Bf4 d5 3. Nf3 Bg4 4. h3 Bh5 5. e3 e6 6. c4 Bb4+ 7. Nc3 Ne4 8.
Qc2 O-O 9. Be2 Nd7 10. O-O Nxc3 11. bxc3 Ba5 12. cxd5 exd5 13. c4 c6 14. c5
Bc7 15. Bxc7 Qxc7 16. Qb3 a5 17. a4 Rab8 18. Qc3 Nf6 19. g4 Bg6 20. Ne5 Ne4
21. Qc1 f6 22. Nxg6 hxg6 23. Rb1 Kf7 24. Bf3 Rh8 25. Bxe4 dxe4 26. Kg2 f5
27. Qc4+ Kf6 28. d5 cxd5 29. Qxd5 fxg4 30. Rb6+ Ke7 31. Qxe4+ Kf8 32. Qf4+
Qxf4 33. exf4 gxh3+ 34. Kh2 Kf7 35. Rg1 Rh6 36. Rg3 Kg8 37. Rxh3 Kh7 38.
Rxh6+ gxh6 39. c6 Kg7 40. Rxb7+ {Black resigns} 1-0

[Event "ICC tourney 1904 (10 3)"]
[Site "Internet Chess Club"]
[Date "2020.07.05"]
[Round "2"]
[White "edgei33"]
[Black "PearsonH"]
[Result "0-1"]
[ICCResult "White resigns"]
[WhiteElo "1377"]
[BlackElo "1399"]
[Opening "French: exchange variation"]
[ECO "C01"]
[NIC "FR.01"]
[Time "12:41:31"]
[TimeControl "600+3"]

1. e4 e6 2. d4 d5 3. exd5 exd5 4. Nf3 Bd6 5. Bd3 Ne7 6. Nc3 Nbc6 7. Bg5 f6
8. Bh4 Bg4 9. Nb5 Qd7 10. h3 Bh5 11. g4 Bg6 12. Nxd6+ Qxd6 13. Bg3 Qd7 14.
Qd2 O-O-O 15. O-O-O Bxd3 16. Qxd3 h5 17. g5 fxg5 18. Nxg5 Rdf8 19. Rde1 h4
20. Bh2 Rxf2 21. Ne6 Nf5 22. Nc5 Qf7 23. Qb5 Rxc2+ 24. Kb1 Rxc5 25. dxc5
Nfd4 26. Qd3 Nb4 27. Ref1 Qe8 28. Qd2 Qg6+ 29. Kc1 Nd3+ 30. Kd1 Qh5+
{White resigns}
0-1

[Event "ICC tourney 1904 (10 3)"]
[Site "Internet Chess Club"]
[Date "2020.07.05"]
[Round "2"]
[White "clair"]
[Black "MIEMBR"]
[Result "0-1"]
[ICCResult "White checkmated"]
[WhiteElo "1307"]
[BlackElo "1583"]
[Opening "Queen's bishop game"]
[ECO "A45"]
[NIC "QP.07"]
[Time "12:41:13"]
[TimeControl "600+3"]

1. d4 Nf6 2. Bf4 d5 3. Nf3 e6 4. e3 Bd6 5. c3 O-O 6. Nbd2 b6 7. Bd3 Ba6 8.
Bxa6 Nxa6 9. O-O Bxf4 10. exf4 c5 11. Ne5 cxd4 12. cxd4 Qd6 13. Rc1 Rfc8 14.
a3 Rc7 15. g3 Rac8 16. Rxc7 Qxc7 17. Ndf3 h6 18. Re1 Nb8 19. Qa4 Nbd7 20.
Kg2 Nf8 21. Re2 Ne4 22. Nd2 Nd6 23. Ndf3 b5 24. Qb4 a5 25. Qb3 Nh7 26. Nd3
Nf6 27. Nc5 Qb6 28. Rc2 Nc4 29. Ne5 Qb8 30. Ned7 Nxd7 31. Nxd7 Qc7 32. Ne5
Ne3+ 33. fxe3 Qxc2+ 34. Qxc2 Rxc2+ 35. Kf3 Rxb2 36. Nc6 b4 37. axb4 axb4 38.
h4 b3 39. e4 Rc2 40. Nb4 Rc3+ 41. Ke2 b2 42. Kd2 Rc1 43. Nd3 b1=Q 44. Nxc1
Qxe4 45. Ne2 Qg2 46. Kd3 f6 47. Kd2 Kf7 48. h5 Qh3 49. Kd3 Qxh5 50. Ke3 Qg4
51. Kf2 h5 52. Ng1 h4 53. gxh4 Qxf4+ 54. Nf3 Qe4 55. Kg2 Kg6 56. Kf2 Kf5 57.
h5 Qg4 58. Nh2 Qxh5 59. Kg3 Qxh2+ 60. Kxh2 Ke4 61. Kg3 Kxd4 62. Kf3 Kc3 63.
Ke3 d4+ 64. Ke2 Kc2 65. Ke1 d3 66. Kf1 d2 67. Ke2 d1=Q+ 68. Ke3 Qd5 69. Kf4
Qe5+ 70. Kf3 Qd4 71. Ke2 Qc3 72. Kf2 Qd3 73. Kg2 Qe3 74. Kf1 Qd2 75. Kg1 Qe2
76. Kh1 Kd3 77. Kg1 Ke3 78. Kh1 Kf3 79. Kg1 Qg2# {White checkmated} 0-1

[Event "ICC tourney 1904 (10 3)"]
[Site "Internet Chess Club"]
[Date "2020.07.05"]
[Round "2"]
[White "Oliver0731"]
[Black "Priccchess"]
[Result "1-0"]
[ICCResult "Black resigns"]
[WhiteElo "1318"]
[BlackElo "1480"]
[Opening "Philidor: exchange variation"]
[ECO "C41"]
[NIC "KP.08"]
[Time "12:41:23"]
[TimeControl "600+3"]

1. e4 e5 2. Nf3 d6 3. d4 exd4 4. Nxd4 Nf6 5. Nc3 a6 6. Bg5 Be7 7. Bc4 b5 8.
Bxf6 Bxf6 9. Bd5 Bxd4 10. Qxd4 c6 11. Qxg7 Rf8 12. Bb3 a5 13. a4 b4 14. Ne2
Ba6 15. Nd4 c5 16. Nf5 c4 17. O-O-O Nc6 18. Nxd6+ Ke7 19. Nxc4 Qc7 20. Rd5
Bxc4 21. Bxc4 Qf4+ 22. Kd1 Rad8 23. Re1 Ne5 24. Bb3 Rg8 25. Qxh7 Ng6 26. Qh3
Ne5 27. g3 Qxf2 28. Rf1 Qe3 29. Qh4+ Qg5 30. Qxg5+ Rxg5 31. Rxd8 Kxd8 32.
Rf5 Rxf5 33. exf5 f6 34. h4 Nf3 35. Ke2 Nd4+ 36. Ke3 Nxf5+ 37. Kf4 Ng7 38.
g4 Ke7 39. h5 Ne8 40. c3 bxc3 41. bxc3 Nd6 42. h6 Ke8 43. h7 {Black resigns}
1-0

[Event "ICC tourney 1904 (10 3)"]
[Site "Internet Chess Club"]
[Date "2020.07.05"]
[Round "2"]
[White "NSXchessplayer"]
[Black "DEEEFENDER"]
[Result "1-0"]
[ICCResult "Black resigns"]
[WhiteElo "1393"]
[BlackElo "1176"]
[Opening "Caro-Kann: exchange variation"]
[ECO "B13"]
[NIC "CK.02"]
[Time "12:41:13"]
[TimeControl "600+3"]

1. e4 c6 2. d4 d5 3. exd5 cxd5 4. Nf3 Bg4 5. Bf4 Nc6 6. c3 Nf6 7. Be2 h6 8.
O-O e6 9. h3 Bf5 10. Bd3 Bxd3 11. Qxd3 Bd6 12. Bxd6 Qxd6 13. Nbd2 O-O 14.
Rfe1 Rad8 15. Ne5 Nd7 16. Nxc6 bxc6 17. Nf3 f6 18. Re2 e5 19. Qc2 e4 20. Nd2
f5 21. Rae1 Nf6 22. f3 Nh5 23. fxe4 fxe4 24. Nf1 Nf4 25. Re3 Nd3 26. R1e2
Qf6 27. Nh2 Qg5 28. Qd2 Nf4 29. Rf2 Nd3 30. Rxf8+ Rxf8 31. Re2 Nf4 32. Re3
Nxh3+ 33. Kh1 Nf2+ 34. Kg1 Nd3 35. Re2 Qf6 36. Ng4 Qf4 37. Qxf4 Rxf4 38. Ne3
Kf8 39. c4 dxc4 40. Nxc4 Ke7 41. Nd2 Nc1 42. Rxe4+ Rxe4 43. Nxe4 Nxa2 44.
Kf2 Nb4 45. Nc5 Kd6 46. Ke3 Kd5 47. Kd2 Kxd4 48. Ne6+ Ke4 49. Nxg7 Kf4 50.
Kc3 a5 51. Kd4 Kg3 52. Nf5+ Kxg2 53. Nxh6 Kf2 54. Nf5 Ke2 55. Nd6 Nc2+ 56.
Kc3 Kd1 57. Nc4 Nb4 58. Nxa5 c5 59. Nb7 Nd5+ 60. Kc4 Ne3+ 61. Kxc5 Kc2 62.
b4 Kc3 63. b5 Nc4 64. Nd6 Na5 65. b6 Nb3+ 66. Kc6 Nd4+ 67. Kd5 {Black
resigns} 1-0

[Event "ICC tourney 1904 (10 3)"]
[Site "Internet Chess Club"]
[Date "2020.07.05"]
[Round "2"]
[White "Adhvaith0406"]
[Black "JGroder"]
[Result "1/2-1/2"]
[ICCResult "Game drawn because neither player has mating material"]
[WhiteElo "1399"]
[BlackElo "1454"]
[Opening "Ruy Lopez: Berlin defense, open variation"]
[ECO "C67"]
[NIC "RL.07"]
[Time "12:41:15"]
[TimeControl "600+3"]

1. e4 e5 2. Nf3 Nc6 3. Bb5 Nf6 4. O-O Nxe4 5. Re1 Nd6 6. Nxe5 Be7 7. Nxc6
dxc6 8. Bf1 O-O 9. d4 Bf6 10. c3 Re8 11. Nd2 Rxe1 12. Qxe1 Qe8 13. Qxe8+
Nxe8 14. Bd3 g6 15. Ne4 Be7 16. Bf4 Nd6 17. Re1 Kg7 18. Nxd6 Bxd6 19. Bxd6
cxd6 20. Re7 Kf6 21. Rc7 d5 22. f3 h5 23. c4 dxc4 24. Bxc4 Be6 25. Bxe6 Kxe6
26. Rxb7 Rd8 27. Rb4 a5 28. Ra4 Rb8 29. b3 Rb5 30. Kf2 Kd5 31. Ke3 c5 32.
dxc5 Kxc5 33. Kd3 Kd6 34. Rd4+ Ke5 35. Rc4 Kd6 36. Kc3 Re5 37. Rd4+ Kc5 38.
Re4 Rf5 39. f4 Kb6 40. g3 h4 41. Kd4 hxg3 42. hxg3 Rh5 43. Re7 Rh3 44. Rxf7
Rxg3 45. Ke5 Rg2 46. a3 Rb2 47. b4 axb4 48. axb4 Kb5 49. Rg7 Rg2 50. f5 Re2+
51. Kf6 gxf5 52. Kxf5 Kxb4 53. Rb7+ Ka5 54. Rf7 Rf2+ 55. Kg6 Rg2+ 56. Kh7
Ka6 57. Rg7 Rh2+ 58. Kg8 Rf2 59. Rf7 Re2 60. Kf8 Ka5 61. Kg7 Rg2+ 62. Kf6
Rf2+ 63. Ke7 Re2+ 64. Kf8 Ka4 65. Re7 Rf2+ 66. Rf7 Re2 67. Re7 Rd2 68. Ke8
Kb4 69. Kf7 Rf2+ 70. Ke8 Kb5 71. Re1 Kb6 72. Rb1+ Ka5 73. Ke7 Rd2 74. Ke6
Ka4 75. Ke5 Ka3 76. Ke4 Ka2 77. Rb8 Rd1 78. Ke3 Rd7 79. Rb4 Ka3 80. Rd4 Rxd4
81. Kxd4 {Game drawn because neither player has mating material} 1/2-1/2